 Dungeon Crawl Stone Soup version 0.31.0-32-g396128a36d (webtiles) character file.

Game seed: 3438454311512314205

1513 adizb the Photosynthesist (level 8, -6/62 (64) HPs)
             Began as a Demonspawn Fighter on Apr 14, 2024.
             Was an Elder of Fedhas.
             Mangled by a wight
             ... wielding a +4 short sword
              (7 damage)
             ... on level 6 of the Dungeon.
             The game lasted 00:22:49 (3882 turns).

adizb the Photosynthesist (Demonspawn Fighter)      Turns: 3882, Time: 00:22:49

HP:   -6/62 (64)    AC: 13    Str: 17    XL:     8   Next: 53%
MP:   13/13         EV:  9    Int: 16    God:    Fedhas [****..]
Gold: 262           SH:  5    Dex: 13    Spells: 12/12 levels left

rFire   . . .        s - +2 battleaxe (flame)
rCold   + . .        (shield currently unavailable)
rNeg    . . .        k - +2 scale mail {rC+}
rPois   .            (no helmet)
rElec   .            w - +0 cloak
rCorr   .            n - +0 pair of gloves
SInv    .            A - +0 pair of boots
Will    +....        y - amulet of reflection Stlth
                     p - ring of willpower
HPRegen 0.30/turn    o - +6 ring of intelligence
MPRegen 0.13/turn

%: reflection
@: lightly drained
A: spiny 1, demonic magic 3
a: Renounce Religion, Wall of Briars, Grow Ballistomycete, Overgrow


You were on level 6 of the Dungeon.
You worshipped Fedhas.
Fedhas was greatly pleased with you.
You visited 1 branch of the dungeon, and saw 6 of its levels.
You also visited: Sewer.

You collected 262 gold pieces.

Inventory:

Hand Weapons
 a - a +1 flail of draining
 s - a +2 battleaxe of flaming (weapon)
 v - a +4 quarterstaff of chaos
Armour
 c - a +0 buckler
 k - a +2 scale mail of cold resistance (worn)
 n - a +0 pair of gloves (worn)
 w - a +0 cloak (worn)
 A - a +0 pair of boots (worn)
Magical Staves
 q - a staff of air
Jewellery
 g - a ring of see invisible
 o - a +6 ring of intelligence (right hand)
 p - a ring of willpower (left hand)
 y - an amulet of reflection (around neck)
Wands
 t - a wand of paralysis (10)
Scrolls
 b - 2 scrolls of immolation {unknown}
 e - a scroll of blinking {unknown}
 f - 2 scrolls of brand weapon
 j - 3 scrolls of fear
 r - a scroll of amnesia {unknown}
 u - a scroll of noise {unknown}
 x - a scroll of teleportation {unknown}
 B - a scroll of enchant armour {unknown}
 D - a scroll of fog {unknown}
Potions
 d - 2 potions of might
 h - 3 potions of haste
 l - 2 potions of brilliance
 m - a potion of ambrosia {unknown}
 z - a potion of attraction {unknown}
 C - 3 potions of enlightenment


   Skills:
 + Level 5.7 Fighting
 * Level 2.0(2.5) Axes
 - Level 2.2(2.6) Maces & Flails
 + Level 4.9 Armour
 + Level 0.5 Dodging
 - Level 2.6 Shields
 - Level 2.6 Spellcasting
 - Level 2.6 Ice Magic
 + Level 7.8 Invocations
 + Level 0.7 Evocations


You had 12 spell levels left.
You didn't know any spells.
Your spell library contained the following spells:

 Spells                   Type           Power      Damage    Failure   Level
 Freeze                   Ice            40%        1d6       21%         1
 Frozen Ramparts          Ice            20%        1d4       52%         3
 Mercury Vapours          Alch/Air       4%         N/A       67%         2
 Hailstorm                Conj/Ice       6%         3d5       71%         3
 Mephitic Cloud           Conj/Alch/Air  2%         N/A       88%         3
 Stone Arrow              Conj/Erth      4%         3d7       88%         3
 Animate Armour           Summ/Erth      4%         N/A       99%         4
 Freezing Cloud           Conj/Ice/Air   2%         6-21      100%        5
 Lehudib's Crystal Spear  Conj/Erth      1%         10d2      100%        8


Dungeon Overview and Level Annotations

Branches:
Dungeon (6/15)             Temple (0/1) D:5           Sewer (visited)

Altars:
Dithmenos
Fedhas


Innate Abilities, Weirdness & Mutations

You are partially covered in sharp spines.
Spells you cast and wands you use may paralyse nearby enemies.


Message History

You hit the wight. You burn the wight. You barely miss the ogre.
You block the ogre's attack. The wight is struck by your spines.
The wight closely misses you. The wight is struck by your spines.
The wight hits you but does no damage.
You slice the wight!! You burn the wight.
You destroy the wight!
Fedhas accepts your kill.
You closely miss the wight. You hit the wight. You burn the wight.
You destroy the wight!
Fedhas accepts your kill.
You barely miss the wight. You closely miss the ogre.
The wight hits you with a +5 falchion of freezing!
The wight freezes you. The wight hits you but does no damage.
The ogre closely misses you. The wight is struck by your spines.
The wight hits you with a +5 falchion of freezing.
You feel drained. The wight is struck by your spines.
The wight hits you with a +4 short sword.
You feel drained.
Your Axes skill increases to level 2!
As you read the scroll of fear, it crumbles to dust.
You assume a fearsome visage.
The wight is unaffected. x2
The ogre looks frightened!
The wight is struck by your spines.
The wight hits you but does no damage. x2
You closely miss the wight.
The wight is heavily damaged.
You barely miss the wight.
The wight hits you with a +5 falchion of freezing!
* * * LOW HITPOINT WARNING * * *
The wight freezes you.
* * * LOW HITPOINT WARNING * * *
You block the wight's attack.
The wight hits you with a +5 falchion of freezing!
* * * LOW HITPOINT WARNING * * *
The wight freezes you.
* * * LOW HITPOINT WARNING * * *
Okay, then.
It was a potion of magic.
Magic courses through your body.
The wight hits you with a +4 short sword!
You die...
Fedhas appreciates your contribution to the ecosystem.

##. #######
##..##.....####
...#......<..#
#............ #...........
#..# ##........... ##..
#####..)).)...... ##..#
####......@z.)......
#...###.........z........#
#..............###$..#####
..)........##### #...#
.........### #..O#
.........# #..##
..#.......# ...#
###.......# ...# #
##......#


You could see an ogre (fleeing) and 2 wights.

Vanquished Creatures
  An orc warrior (D:5)
  2 ogres (D:5)
  2 phantoms (D:5)
  A brain worm (Sewer)
  Blork the orc (D:5)
  A scorpion (D:5)
  2 wights (D:6)
  A jelly (D:5)
  4 orc priests
  A hound (D:6)
  3 iguanas (D:5)
  Crazy Yiuf (D:3)
  2 orc wizards (D:5)
  3 river rats (Sewer)
  5 adders
  A shadow imp (D:5)
  2 white imps (D:5)
  6 dart slugs
  3 ribbon worms
  14 orcs
  3 endoplasms
  3 giant cockroaches
  3 goblins
  5 hobgoblins
  11 jackals
  7 quokkas
  10 ball pythons
  12 bats
  3 frilled lizards
  6 kobolds
  3 rats
122 creatures vanquished.

Vanquished Creatures (collateral kills)
  Sigmund (D:5)
  An ogre (D:4)
  4 orcs
6 creatures vanquished.

Vanquished Creatures (others)
  A sleepcap (D:5)
  2 orcs (D:5)
3 creatures vanquished.

Grand Total: 131 creatures vanquished

Notes
Turn   | Place    | Note
-------+----------+-------------------------------------------
     0 | D:1      | adizb the Demonspawn Fighter began the quest for the Orb.
     0 | D:1      | Reached XP level 1. HP: 18/18 MP: 1/1
    37 | D:1      | Found a faded altar of an unknown god.
    52 | D:1      | Prayed at the altar of an unknown god.
    52 | D:1      | Became a worshipper of Fedhas Madash
    52 | D:1      | Reached * piety under Fedhas
   314 | D:1      | Gained mutation: Spells you cast may paralyse adjacent
                  | enemies. [demonic ancestry]
   314 | D:1      | Reached XP level 2. HP: 23/24 MP: 2/2
   827 | D:2      | Reached skill level 1 in Invocations
   872 | D:2      | Gained mutation: You are partially covered in sharp spines.
                  | [demonic ancestry]
   872 | D:2      | Reached XP level 3. HP: 29/29 MP: 3/3
   977 | D:2      | Reached ** piety under Fedhas
  1554 | D:3      | Reached skill level 2 in Invocations
  1614 | D:3      | Reached XP level 4. HP: 37/37 MP: 5/5
  2086 | D:3      | Found a runed translucent door.
  2087 | D:3      | Noticed Crazy Yiuf
  2096 | D:3      | Killed Crazy Yiuf
  2276 | D:4      | Noticed an ogre
  2295 | D:4      | Killed an ogre
  2296 | D:4      | Reached skill level 4 in Invocations
  2296 | D:4      | Gained mutation: Spells you cast may paralyse nearby
                  | enemies. [demonic ancestry]
  2296 | D:4      | Reached XP level 5. HP: 27/42 MP: 4/8
  2334 | D:4      | Found a shadowy altar of Dithmenos.
  2952 | D:5      | Entered Level 5 of the Dungeon
  2993 | D:5      | Found a staircase to the Ecumenical Temple.
  3003 | D:5      | Reached XP level 6. HP: 49/49 MP: 9/9
  3017 | D:5      | Reached skill level 5 in Invocations
  3041 | D:5      | Reached skill level 1 in Spellcasting
  3041 | D:5      | Reached skill level 1 in Ice Magic
  3070 | D:5      | Noticed an orc warrior
  3086 | D:5      | Killed an orc warrior
  3087 | D:5      | Reached XP level 7. HP: 37/55 MP: 8/11
  3089 | D:5      | Reached skill level 6 in Invocations
  3092 | D:5      | Reached skill level 5 in Fighting
  3099 | D:5      | Noticed Sigmund
  3113 | D:5      | Killed Sigmund
  3136 | D:5      | Reached skill level 7 in Invocations
  3156 | D:5      | Reached *** piety under Fedhas
  3157 | D:5      | Gained mutation: Spells you cast and wands you use may
                  | paralyse nearby enemies. [demonic ancestry]
  3157 | D:5      | Reached XP level 8. HP: 30/62 MP: 13/13
  3157 | D:5      | Noticed Blork the orc
  3161 | D:5      | Killed Blork the orc
  3162 | D:5      | Reached skill level 1 in Axes
  3221 | D:5      | Found a glowing drain.
  3226 | Sewer    | Entered a sewer
  3712 | D:5      | Reached **** piety under Fedhas
  3881 | D:6      | HP: 2/62 [wight/+5 falchion of freezing (8)]
  3882 | D:6      | Mangled by a wight

Illustrated notes

Levels and vault maps discovered:
D:1:      onia_arrival_mini_spirals, layout_loops_ring,
          shapermc_ecumenical_altar_starsandcircs, grunt_decor_arrowhead
D:2:      layout_loops_ring
D:3:      layout_basic, uniq_crazy_yiuf_cottage
D:4:      layout_gridville, grunt_dithmenos_smoke
D:5:      layout_rooms, minmay_temple_entry_waves, portal_sewer_entry_e,
          uniq_blork_the_orc, uniq_sigmund
D:6:      layout_cave_pods, mainiacjoe_overflow_alcove_1

Skill      XL: |  1  2  3  4  5  6  7  8 |
---------------+-------------------------+-----
Maces & Flails | 2 |  2.2
Armour         | 3 4 |  4.9
Invocations    | 1 2 4 5 7 |  7.8
Fighting       | 4 5 |  5.7
Spellcasting   | 1 2 |  2.6
Ice Magic      | 1 2 |  2.6
Axes           | 2 |  2.0
Dodging        | |  0.5
Shields        | |  2.6
Evocations     | |  0.7

Action                     |  1- 3 |  4- 6 |  7- 9 || total
---------------------------+-------+-------+-------++-------
  Melee: Flail             |   114 |    54 |     8 ||   176
         Mace              |       |    11 |       ||    11
         Battleaxe         |       |       |    53 ||    53
 Invoke: Wall of Briars    |       |     4 |     3 ||     7
    Use: Scroll            |     2 |     2 |     2 ||     6
         Potion            |     1 |       |     1 ||     2
 Armour: Scale mail        |    89 |    53 |    65 ||   207
  Dodge: Dodged            |    51 |    21 |    39 ||   111
  Block: Buckler           |    33 |    12 |     3 ||    48
         Other             |       |       |    15 ||    15
         Reflection        |       |       |     1 ||     1
